Map: Blood Boil LE

Players

Juxtapose - Winner!

  • Race: Terran Terran
  • Spawn Location: 5:00

AcePlay

  • Race: Zerg Zerg
  • Spawn Location: 11:00

VOD

https://youtu.be/B1X3TwFSdSs

Description

This was my first, proper Online Terran versus Zerg, and it was a lot of fun.

I wasn't expecting an early harass like that with just a few Zerglings, but I think I handled it alright.

At present Terran is also my best public Multiplayer Race, as I'm undefeated with them. I simply find the general composition of Marines, Siege Tanks, and Medivacs, mixed with either some Marauders, Liberators, or Ravens to be so ridiculously versatile!

Time

  • Played on: May 13, 2017, 6:49 p.m.
  • Length: 13:18
Show
View Real Time Build Order
Export as new Build Order

Juxtapose Terran - Winner!

Build Orders: MMM Bio 

Get SALT Encoding   

  12  0:00  Unknown  
  12  0:01  SCV  
  13  0:13  SCV  
  14  0:22  Supply Depot  
  14  0:25  SCV  
  15  0:44  SCV  
  15  0:49  Barracks  
  16  0:56  SCV  
  17  0:57  Refinery  
  17  1:08  SCV  
  18  1:12  Supply Depot  
  18  1:20  SCV  
  19  1:32  SCV  
  20  1:44  SCV  
  20  1:45  Bunker  
  21  1:50  Supply Depot  
  21  1:57  SCV  
  21  1:59  Barracks Reactor  
  22  2:09  SCV  
  22  2:14  Refinery  
  23  2:21  SCV  
  23  2:37  Reaper  
  23  2:38  Reaper  
  23  2:41  SCV  
  23  2:53  SCV  
  23  3:05  SCV  
  23  3:09  Marine x2  
  25  3:17  SCV  
  26  3:27  Marine x2  
  26  3:29  SCV  
  29  3:42  Supply Depot  
  29  4:16  Orbital Command  
  28  4:22  Factory  
  28  4:27  Marine  
  28  4:28  Marine, Barracks  
  30  4:39  Command Center  
  30  4:46  Engineering Bay  
  30  5:00  Marine x2  
  32  5:12  Factory Tech Lab  
  32  5:17  Barracks Tech Lab  
  32  5:19  Marine x2  
  34  5:24  Starport  
  34  5:25  Terran Infantry Weapons Level 1  
  34  5:47  Marine x2  
  34  5:49  Stimpack  
  36  5:50  Marine  
  36  5:54  Siege Tank  
  40  6:01  Orbital Command  
  40  6:07  Marine  
  40  6:11  Starport Reactor  
  41  6:24  SCV  
  42  6:26  Siege Tank  
  45  6:35  SCV  
  45  6:36  SCV  
  45  6:38  Marine x3  
  50  6:47  SCV  
  50  6:50  Medivac x2  
  55  6:55  Marine  
  55  6:59  Siege Tank  
  59  7:05  SCV x2  
  61  7:14  Refinery  
  61  7:19  Supply Depot  
  61  7:23  Liberator  
  61  7:40  Medivac  
  66  7:50  Combat Shields  
  66  7:52  SCV  
  66  7:55  Marine  
  68  8:05  SCV  
  69  8:10  Medivac  
  70  8:22  Supply Depot  
  70  8:26  Liberator  
  70  8:37  Terran Infantry Armor Level 1  
  70  8:43  Marine  
  70  8:44  SCV  
  75  8:49  Supply Depot  
  75  8:56  SCV  
  76  9:34  Liberator  
  66  9:48  Marine x3  
  66  9:50  Siege Tank  
  70  10:22  Siege Tank  
  72  10:41  Marine x2  
  66  10:54  Siege Tank  
  67  11:09  Marine x3  
  69  11:26  Marine  
  69  11:27  Marine x2, Siege Tank  
  75  11:44  Marine  
  73  11:53  Marine x2  
  72  11:59  Siege Tank  
  75  12:09  Marine  
  75  12:11  Marine  
  77  12:31  Siege Tank  
  80  12:39  Unknown  
Show
View Real Time Build Order
Export as new Build Order

AcePlay Zerg 

Build Orders: Pool First 

Get SALT Encoding   

  12  0:00  Unknown, Drone  
  13  0:23  Spawning Pool  
  13  0:26  Drone  
  13  0:35  Overlord  
  13  0:41  Drone  
  14  1:02  Extractor  
  13  1:12  Zergling x2  
  13  1:14  Zergling x2  
  13  1:16  Hatchery  
  14  1:21  Drone  
  15  1:30  Drone  
  16  1:35  Drone  
  17  1:54  Zergling x2  
  17  1:57  Drone  
  17  2:00  Queen  
  21  2:06  Drone  
  22  2:36  Drone x2  
  24  3:06  Metabolic Boost  
  24  3:08  Drone x3  
  25  3:22  Queen  
  25  3:24  Overlord  
  25  3:25  Overlord  
  27  3:32  Drone, Spine Crawler  
  27  3:46  Spine Crawler  
  26  3:49  Drone  
  26  3:50  Drone  
  26  3:51  Drone, Spine Crawler  
  24  4:17  Zergling x2  
  24  4:18  Zergling x4  
  24  4:20  Lair  
  24  4:24  Drone x3  
  30  4:48  Drone x3  
  33  4:59  Drone x3  
  36  5:01  Drone  
  37  5:10  Spine Crawler  
  36  5:14  Spine Crawler  
  35  5:23  Drone x3  
  35  5:25  Drone x4  
  38  5:51  Roach Warren  
  38  5:53  Extractor  
  38  5:56  Extractor  
  35  5:59  Spine Crawler  
  35  6:04  Drone x6  
  40  6:15  Drone x3  
  40  6:16  Overlord  
  40  6:17  Overlord  
  43  6:34  Glial Reconstitution  
  43  6:37  Roach x3  
  49  6:50  Roach x2  
  49  6:51  Roach  
  55  6:58  Evolution Chamber  
  54  7:03  Overseer  
  54  7:05  Roach x2  
  54  7:06  Overlord  
  58  7:18  Overlord  
  58  7:26  Zerg Missile Weapons Level 1  
  58  7:29  Zergling x6  
  61  7:36  Baneling Nest  
  60  7:45  Hatchery  
  59  7:58  Roach  
  59  7:59  Roach x2  
  59  8:04  Tunneling Claws  
  65  8:14  Extractor  
  65  8:18  Zergling x2  
  65  8:19  Zergling x4  
  67  8:20  Centrifical Hooks  
  67  8:23  Burrow  
  67  8:25  Zergling x4  
  69  8:32  Roach  
  71  8:39  Evolution Chamber  
  70  8:43  Roach  
  72  9:00  Roach x4  
  72  9:01  Roach  
  82  9:31  Overlord x2  
  82  9:37  Overlord  
  36  9:58  Zergling x8  
  36  9:59  Queen  
  42  10:04  Zergling x4  
  43  10:18  Hydralisk Den  
  39  10:21  Baneling x3  
  39  10:22  Baneling x4  
  39  10:23  Zergling x4  
  37  10:39  Roach x2  
  35  10:56  Roach  
  36  11:04  Queen  
  34  11:13  Queen  
  34  11:15  Hydralisk  
  34  11:16  Hydralisk x2  
  40  11:24  Spore Crawler  
  34  11:28  Spore Crawler  
  32  11:35  Extractor, Hydralisk  
  30  11:46  Hydralisk  
  28  11:52  Roach  
  26  12:02  Hydralisk x2  
  30  12:11  Spawning Pool  
  30  12:15  Roach Warren, Hydralisk  
  26  12:16  Queen  
  30  12:22  Spore Crawler  
  30  12:25  Spore Crawler  
  28  12:30  Roach  
  28  12:52  Roach x3  
Tags
 
Composition
MMM Bio
Matchup
TvZ
Opening
Pool First
Spawn Locations
Cross Positions
Add a new tag
Caveats
  • Supply blocks, unpowered buildings, or Contaminate may cause inaccurate times.
  • Supply counts are checked every 10 seconds.